Map: Dragon Scales LE

Players

Maldryl

  • Race: Zerg Zerg
  • League: Diamond
  • Spawn Location: 5:00

Æthelflæd - Winner!

  • Race: Terran Terran
  • League: Master
  • Spawn Location: 11:00

VOD

Have the link to the VOD?

Description

Time

  • Played on: May 12, 2023, 2:26 p.m.
  • Length: 12:28
Show
View Real Time Build Order
Export as new Build Order

Maldryl Zerg 

Build Orders: Hatch First 

Get SALT Encoding   

  12  0:00  Drone  
  13  0:12  Overlord  
  13  0:16  Drone  
  14  0:30  Drone x2  
  16  0:49  Hatchery  
  15  0:52  Drone  
  15  0:55  Drone  
  17  0:59  Drone  
  18  1:09  Extractor  
  17  1:14  Spawning Pool  
  17  1:17  Drone  
  17  1:20  Drone  
  18  1:27  Drone  
  19  1:38  Drone  
  20  1:49  Drone  
  21  2:01  Zergling x2  
  22  2:02  Queen x2, Zergling x2  
  27  2:10  Overlord  
  27  2:12  Drone  
  27  2:13  Metabolic Boost  
  27  2:35  Drone x4  
  30  2:49  Hatchery  
  29  2:51  Drone  
  29  2:52  Drone  
  29  2:53  Queen  
  33  2:58  Drone x2  
  33  3:05  Overlord  
  35  3:07  Pneumatized Carapace  
  35  3:23  Drone x5  
  40  3:29  Drone x2  
  42  3:37  Overlord  
  42  3:40  Overlord  
  43  3:48  Drone  
  43  3:55  Queen x2  
  47  3:59  Zergling x10  
  47  4:00  Queen  
  54  4:05  Drone x4  
  58  4:19  Drone x4  
  62  4:24  Drone x2  
  62  4:27  Drone  
  65  4:38  Hatchery  
  65  4:39  Overlord x2  
  65  4:44  Spore Crawler x2  
  62  4:45  Drone x2  
  62  4:46  Spore Crawler  
  62  4:52  Drone x2  
  65  4:56  Baneling Nest  
  65  4:57  Drone  
  65  4:58  Drone  
  66  5:06  Drone x2  
  68  5:12  Drone x6  
  68  5:13  Drone x5  
  79  5:14  Lair  
  79  5:20  Drone, Evolution Chamber x2  
  78  5:23  Extractor  
  78  5:25  Extractor  
  78  5:26  Extractor  
  75  5:35  Overlord  
  75  5:36  Drone x4  
  79  5:43  Drone x2  
  81  5:50  Drone x6  
  81  5:51  Overlord x2, Spore Crawler  
  81  5:53  Drone x2  
  81  5:56  Zerg Ground Armor Level 1, Zerg Melee Weapons Level 1  
  88  5:58  Overlord  
  88  6:01  Queen  
  88  6:02  Drone  
  91  6:12  Overseer  
  87  6:18  Drone x7  
  87  6:23  Drone x3  
  93  6:28  Drone  
  93  6:30  Drone x4  
  93  6:32  Hatchery  
  97  6:46  Drone x9  
  106  6:50  Extractor  
  106  6:51  Extractor  
  104  6:56  Hatchery  
  103  7:04  Zergling x26  
  103  7:07  Overlord x2  
  116  7:09  Centrifugal Hooks  
  116  7:14  Overlord  
  116  7:20  Zergling x8  
  120  7:26  Baneling x19  
  120  7:27  Zergling x16  
  128  7:36  Zergling x10  
  133  7:41  Zergling x10  
  138  7:44  Overlord x2  
  138  7:51  Zergling x4  
  140  7:54  Zerg Melee Weapons Level 2  
  140  7:55  Zerg Ground Armor Level 2  
  140  7:57  Zergling x20  
  150  7:59  Infestation Pit  
  150  8:00  Overseer  
  150  8:01  Overseer  
  149  8:07  Zergling x4  
  149  8:08  Zergling x12  
  157  8:17  Zergling x14  
  157  8:19  Overlord  
  164  8:20  Overlord  
  164  8:25  Extractor  
  164  8:27  Extractor, Drone x5  
  165  8:28  Zergling x10  
  172  8:36  Hive  
  172  8:38  Overlord  
  172  8:39  Zergling x16  
  172  8:40  Baneling x9  
  172  8:41  Baneling x9  
  162  8:49  Zergling x12  
  149  9:01  Zergling x20  
  149  9:02  Zergling x2  
  125  9:09  Zergling x14  
  129  9:11  Baneling x7  
  129  9:14  Zergling x4  
  131  9:21  Zergling x10  
  136  9:28  Zergling x8  
  140  9:33  Zergling x4  
  140  9:37  Zergling x22  
  159  9:45  Zergling x16  
  159  9:50  Ultralisk Cavern  
  159  9:52  Drone x2  
  162  10:01  Zergling x8  
  162  10:02  Baneling x26  
  162  10:04  Overlord  
  154  10:26  Zergling x44  
  141  10:33  Zergling x4  
  128  10:39  Ultralisk x2  
  128  10:42  Zergling x8  
  144  10:49  Hatchery  
  136  10:52  Zergling x10  
  129  10:59  Zergling x12  
  129  11:00  Chitinous Plating  
  130  11:08  Baneling x19  
  130  11:15  Zergling x16  
  130  11:16  Zergling x4  
  139  11:24  Zergling x8  
  143  11:27  Zergling x4  
  144  11:39  Zergling x14  
  126  11:40  Zergling x2  
  126  12:08  Zergling x20  
Show
View Real Time Build Order
Export as new Build Order

Æthelflæd Terran - Winner!

Build Orders: Reaper Expand, Hellion Banshee 

Get SALT Encoding   

  12  0:01  SCV  
  13  0:13  SCV  
  14  0:18  Supply Depot  
  14  0:25  SCV  
  15  0:39  SCV  
  15  0:41  Barracks  
  16  0:44  Refinery  
  16  0:51  SCV  
  17  1:03  SCV  
  18  1:18  SCV  
  19  1:28  Reaper  
  19  1:30  Orbital Command  
  20  1:41  Command Center  
  20  1:49  Supply Depot  
  20  1:56  SCV  
  20  2:00  Marine  
  22  2:08  SCV  
  23  2:13  Factory  
  23  2:20  SCV  
  23  2:21  Barracks Reactor  
  24  2:32  SCV  
  25  2:40  Command Center  
  25  2:44  SCV  
  26  2:53  Orbital Command  
  26  2:56  SCV  
  27  3:00  Starport  
  27  3:08  SCV  
  27  3:12  Hellion  
  30  3:13  Hellion  
  32  3:20  SCV, Refinery  
  32  3:21  SCV  
  32  3:22  Barracks Tech Lab  
  34  3:32  SCV  
  34  3:33  SCV  
  36  3:35  Hellion x2  
  40  3:44  SCV  
  40  3:45  SCV  
  40  3:48  Banshee  
  45  3:53  Orbital Command  
  45  3:57  SCV x2, Hellion  
  45  4:01  Hellion  
  51  4:08  Cloaking Field  
  51  4:09  SCV x2, Supply Depot  
  53  4:17  Barracks Tech Lab  
  53  4:21  SCV x2  
  53  4:22  Refinery  
  53  4:23  Refinery  
  55  4:25  Barracks  
  55  4:29  Orbital Command  
  55  4:30  Barracks  
  55  4:33  SCV x2  
  55  4:36  Factory Reactor  
  55  4:38  Banshee  
  60  4:45  SCV x2  
  62  4:46  Supply Depot  
  62  4:56  Barracks  
  62  4:59  Barracks, SCV x3  
  65  5:05  Stimpack  
  65  5:11  SCV x3, Supply Depot  
  68  5:18  Engineering Bay  
  68  5:20  Marine x2  
  70  5:23  Engineering Bay  
  70  5:27  SCV x3  
  73  5:34  Supply Depot  
  73  5:35  Supply Depot  
  73  5:39  Marine x4, SCV x2  
  73  5:40  Starport Reactor  
  79  5:44  Terran Infantry Weapons Level 1  
  79  5:49  Supply Depot  
  79  5:51  Terran Infantry Armor Level 1  
  79  5:52  Barracks Reactor  
  79  5:53  Barracks Reactor  
  79  5:58  SCV x3  
  79  6:02  Marine, Supply Depot  
  79  6:03  Marine  
  84  6:11  Marine, Siege Tank  
  85  6:16  SCV  
  89  6:20  Marine  
  89  6:21  Medivac x2  
  89  6:25  SCV x2  
  96  6:28  SCV  
  96  6:29  Marine x3  
  96  6:30  Marine x4, Supply Depot  
  96  6:32  Supply Depot  
  104  6:39  SCV  
  106  6:40  SCV x2  
  106  6:43  Siege Tank  
  110  6:47  Refinery  
  110  6:49  Marine  
  110  6:50  Marauder, Combat Shield, Marine  
  110  6:51  Marine x2, Medivac x2  
  110  6:52  SCV x2  
  122  6:56  Supply Depot  
  122  6:58  Supply Depot  
  122  7:02  Supply Depot  
  122  7:04  Marine x3  
  125  7:08  Marine x2, Factory  
  125  7:09  Marine  
  125  7:11  Marauder  
  125  7:14  Armory  
  130  7:20  Marine x2  
  130  7:21  Siege Tank  
  130  7:22  Marine  
  136  7:24  SCV x2  
  136  7:25  SCV  
  139  7:33  Marine x3  
  139  7:34  Marine  
  140  7:38  Marine x2  
  140  7:39  Marine x3  
  145  7:45  Command Center, Refinery, Supply Depot  
  145  7:46  Medivac  
  145  7:47  Medivac  
  145  7:50  Supply Depot  
  149  7:54  Factory Tech Lab  
  149  7:57  Barracks  
  149  7:58  Barracks, Siege Tank  
  152  7:59  Barracks  
  152  8:02  Terran Infantry Weapons Level 2  
  152  8:04  Terran Infantry Armor Level 2  
  152  8:12  Supply Depot  
  152  8:13  Bunker, Marauder, Marine  
  152  8:14  Marine  
  152  8:15  Marine  
  157  8:20  Medivac  
  157  8:21  Medivac  
  157  8:25  Siege Tank  
  157  8:26  Marine x2  
  166  8:27  Marine  
  167  8:35  Marine x3, Marauder  
  172  8:42  Marine x2  
  172  8:44  Siege Tank  
  172  8:57  Siege Tank  
  172  9:00  Marauder  
  172  9:01  Marine x2  
  124  9:04  Marine x2  
  124  9:06  Marine x4  
  124  9:09  Barracks Tech Lab x2  
  130  9:10  Barracks Tech Lab  
  130  9:14  Terran Vehicle Weapons Level 1  
  130  9:15  Ghost Academy  
  130  9:18  SCV  
  130  9:19  SCV x2  
  130  9:22  Marauder  
  135  9:27  Marine x8  
  135  9:29  Concussive Shells  
  135  9:30  SCV  
  135  9:31  Marauder x2  
  148  9:32  Marauder  
  150  9:40  SCV  
  150  9:41  SCV  
  150  9:43  SCV, Marauder  
  150  9:45  Marine x3  
  156  9:48  Marine  
  156  9:49  Marine x4  
  156  9:52  Marauder x2  
  165  9:53  Marine  
  165  9:56  Planetary Fortress  
  166  10:02  Marine  
  166  10:03  Marine x2  
  166  10:06  Marauder, Marine x2  
  166  10:07  Marine x2  
  173  10:12  Marauder  
  172  10:24  Marauder  
  172  10:26  Marauder, Marine x2  
  172  10:27  Marauder  
  141  10:33  Marine x4, Marauder  
  141  10:34  Marine x2, Siege Tank x2  
  149  10:44  Marine x2  
  149  10:46  Marauder  
  149  10:47  Marine  
  149  10:48  Marine  
  153  10:50  Marine x2  
  153  10:51  Marine  
  153  10:54  Marauder  
  151  10:59  Marine x3  
  151  11:02  Liberator x2  
  160  11:05  Marauder  
  160  11:10  Command Center, Siege Tank  
  165  11:15  Marine  
  165  11:16  Marine, Marauder x2  
  171  11:26  Marine x8  
  171  11:28  Siege Tank  
  182  11:33  Marine  
  163  11:43  Marine x2, Marauder x2  
  163  11:44  Marine x5  
  163  11:45  Marine x2  
  169  11:49  Siege Tank  
  169  11:51  Marine  
  173  12:01  Marine x2  
  174  12:02  Marine x2  
  174  12:03  Marauder x2  
  174  12:04  Marauder  
  174  12:05  Marauder  
Tags
 
Add a new tag
Caveats
  • Supply blocks, unpowered buildings, or Contaminate may cause inaccurate times.
  • Supply counts are checked every 10 seconds.